 Dungeon Crawl Stone Soup version 0.21.1-1-g345015f (webtiles) character file.

1057 Supreme the Digger (level 8, 0/43 HPs)
             Began as a Gargoyle Earth Elementalist on Apr 1, 2018.
             Slain by an orc (3 damage)
             ... on level 7 of the Dungeon.
             The game lasted 01:04:55 (4398 turns).

Supreme the Digger (Gargoyle Earth Elementalist)    Turns: 4398, Time: 01:04:56

Health: 0/43       AC: 17    Str: 12    XL:     8   Next: 26%
Magic:  23/23      EV:  3    Int: 18    God:
Gold:   451        SH:  3    Dex: 10    Spells: 7/16 levels left

rFire    + . .     SeeInvis .   K - +2 flail (protect)
rCold    + . .     Gourm    .   (no shield)
rNeg     + . .     Faith    .   o - +0 plate armour of Tappyefu {MR+} (curse)
rPois    ∞         Spirit   .   (no helmet)
rElec    +         Reflect  +   (no cloak)
rCorr    +         Harm     .   s - +0 pair of gloves
MR       +....                  (no boots)
Stlth    ..........             x - +3 amulet of reflection
HPRegen  0.14/turn              r - ring of stealth
MPRegen  0.18/turn              z - ring of magical power

@: resistant
A: negative energy resistance 1, electricity resistance, unbreathing,
petrification resistance, rot immunity, AC +5
a: no special abilities


You were on level 7 of the Dungeon.
You were hungry.

You visited 1 branch of the dungeon, and saw 7 of its levels.

You collected 451 gold pieces.

Inventory:

Hand Weapons
 c - a +3 quarterstaff
 j - a +1 dagger of venom
 n - a +0 falchion
 u - a +0 falchion of draining
 w - a +0 trident
 A - a +4 quarterstaff of chaos
 E - a +0 war axe
 G - a +0 mace
 K - a +2 flail of protection (weapon)
 P - a +0 mace
Missiles
 b - 209 stones (quivered)
Armour
 g - a +1 ring mail of poison resistance
 i - a +0 robe
 o - the cursed +0 plate armour of Tappyefu (worn) {MR+}
   (You found it on level 6 of the Dungeon)

   It affects your resistance to hostile enchantments.
   It has a curse placed upon it.
 s - a +0 pair of gloves (worn)
 t - a +0 robe
 C - a +0 cloak
 N - a +0 robe
 S - a +0 robe
Jewellery
 q - an uncursed ring of teleportation
 r - a ring of stealth (left hand)
 v - an uncursed amulet of faith
 x - a +3 amulet of reflection (around neck)
 z - a ring of magical power (right hand)
Wands
 J - a wand of polymorph (3)
 Q - a wand of paralysis (13)
 Z - a wand of iceblast (12)
Scrolls
 a - 6 scrolls of remove curse
 f - 6 scrolls of teleportation {unknown}
 k - 3 scrolls of identify {unknown}
 m - a scroll of blinking {unknown}
 y - 2 scrolls of enchant weapon {unknown}
 D - 2 scrolls of amnesia {unknown}
 F - a scroll of random uselessness {unknown}
 I - 2 scrolls of enchant armour {unknown}
 L - a scroll of immolation {unknown}
Potions
 h - 2 potions of resistance
 l - a potion of mutation {unknown}
 p - a potion of agility {unknown}
 B - a potion of heal wounds {unknown}
 H - a potion of haste {unknown}
 M - a potion of lignification {unknown}
 O - a potion of brilliance {unknown}
Books
 e - a book of Geomancy

   Spells                             Type                      Level
   a - Sandblast                      Earth                        1
   b - Passwall                       Transmutation/Earth          2
   c - Stone Arrow                    Conjuration/Earth            3
   d - Petrify                        Transmutation/Earth          4
   e - Lee's Rapid Deconstruction     Earth                        5
Comestibles
 d - 11 rations


   Skills:
 + Level 1.4 Fighting
 + Level 2.4 Maces & Flails
 + Level 2.4 Armour
 + Level 2.3 Dodging
 + Level 4.0 Stealth
 + Level 4.6 Spellcasting
 + Level 3.5 Conjurations
   Level 0.7 Transmutations
 + Level 6.8 Earth Magic


You had 7 spell levels left.
You knew the following spells:

 Your Spells              Type           Power        Failure   Level  Hunger
a - Sandblast             Erth           ####..       86%         1    None
b - Stone Arrow           Conj/Erth      ###...       100%        3    ###....
c - Lee's Rapid Deconstr  Erth           ####......   100%        5    ######.


Dungeon Overview and Level Annotations

Branches:
Dungeon (7/15)
 Temple: D:4-7

Altars:
Fedhas
Makhleb
Qazlal
Uskayaw
The Shining One


Innate Abilities, Weirdness & Mutations

You are resistant to torment.
Your stone body is resilient. (AC +5)
You are immune to poison.
You resist negative energy. (rN+)
You are resistant to electric shocks. (rElec)
You can survive without breathing.
You are immune to petrification.
You are immune to rotting.


Message History

An orc comes into view.
The orc shouts!
Found an iron wand.
The orc wizard miscasts a cantrip.
Found 13 stones.
The orc wizard mumbles some strange words.
The orc wizard seems to speed up.
The orc wizard mumbles some strange words.
The orc wizard flickers and vanishes!
Deactivating autopickup; reactivate with Ctrl-A.
You see here a wand of paralysis (13).
Q - a wand of paralysis (13)
The orc hits you but does no damage.
The leopard gecko hisses menacingly.
A crimson imp comes into view.
The crimson imp shouts!
The crimson imp blinks!
Found 14 stones.
The orc hits you.
You die...

..........o.......
....................##..
.....§....###.#####..o..
.......... #.# ##o#.#
.........# #.# ###....#
.........# #.###....###
........( #.#.....##
........# #.oo#..##
.......@#####.o##.##
........o##.o........
.......(.l..o##......
..........##.##......
.........###.#........
.........# #.#.........
........## #.#.......
.......## #.. ....
#.##.## #..


You could see an orc and a leopard gecko.

Vanquished Creatures
  The ghost of bosm the Stinger, a novice NaVM (D:4)
  Edmund (D:4)
  The ghost of keltmir the Firebug, an amateur DEFE (D:3)
  An ogre (D:5)
  A bullfrog zombie (D:5)
  A crimson imp (D:4)
  3 hounds
  An orc wizard (D:3)
  An orc priest (D:3)
  Crazy Yiuf (D:5)
  An iguana (D:4)
  A worker ant (D:7)
  2 howler monkey zombies (D:5)
  6 adders
  2 oozes
  A worm (D:3)
  A dart slug (D:4)
  2 leopard geckos
  10 orcs
  5 giant cockroaches
  10 goblins
  6 hobgoblins
  3 jackals (D:3)
  3 kobolds
  4 quokkas
  A ball python (D:2)
  6 bats
  4 frilled lizards
  A leopard gecko skeleton (D:4)
  A leopard gecko zombie (D:5)
  A quokka skeleton (D:7)
  10 rats
93 creatures vanquished.

Notes
Turn   | Place    | Note
-------+----------+-------------------------------------------
     0 | D:1      | Supreme the Gargoyle Earth Elementalist began the quest for the Orb.
     0 | D:1      | Reached XP level 1. HP: 10/10 MP: 3/3
   202 | D:1      | Reached skill level 4 in Earth Magic
   202 | D:1      | Reached XP level 2. HP: 13/15 MP: 1/5
   444 | D:5      | Entered Level 5 of the Dungeon
   455 | D:4      | Reached XP level 3. HP: 19/19 MP: 3/6
   495 | D:6      | Reached skill level 5 in Earth Magic
   495 | D:6      | Reached XP level 4. HP: 13/24 MP: 1/8
  1146 | D:2      | Learned a level 3 spell: Stone Arrow
  1245 | D:3      | Found a faded altar of an unknown god.
  1350 | D:3      | Reached XP level 5. HP: 28/28 MP: 7/9
  1362 | D:3      | Learned a level 5 spell: Lee's Rapid Deconstruction
  1508 | D:4      | Found a burning altar of Makhleb.
  1562 | D:4      | Noticed Edmund
  1594 | D:4      | Killed Edmund
  1594 | D:4      | Reached skill level 1 in Maces & Flails
  1594 | D:4      | Reached skill level 1 in Armour
  1594 | D:4      | Reached skill level 1 in Conjurations
  1594 | D:4      | Reached XP level 6. HP: 33/33 MP: 1/11
  1754 | D:4      | Noticed bosm's ghost (novice NaVM)
  1773 | D:4      | Killed bosm's ghost
  1773 | D:4      | Reached skill level 1 in Fighting
  1773 | D:4      | Reached skill level 6 in Earth Magic
  1773 | D:4      | Reached XP level 7. HP: 24/38 MP: 0/13
  2553 | D:3      | Noticed keltmir's ghost (amateur DEFE)
  2562 | D:3      | Killed keltmir's ghost
  2805 | D:3      | Found a stormy altar of Qazlal.
  2807 | D:3      | Found a blossoming altar of Fedhas.
  3168 | D:4      | Reached XP level 8. HP: 43/43 MP: 13/14
  3597 | D:6      | Found a glowing golden altar of the Shining One.
  3680 | D:6      | Got an obsidian-encrusted plate armour
  3773 | D:5      | Found a runed door.
  3787 | D:5      | Identified the cursed +0 plate armour of Tappyefu {MR+} (You found it on level 6 of the Dungeon)
  3790 | D:5      | Noticed Crazy Yiuf
  3804 | D:5      | Killed Crazy Yiuf
  3973 | D:5      | Found a blossoming altar of Fedhas.
  4291 | D:6      | Noticed a dagger
  4291 | D:6      | Noticed a dagger
  4295 | D:6      | Found a hide-covered altar of Uskayaw.
  4385 | D:7      | HP: 1/43 [orc priest/divine providence (16)]
  4398 | D:7      | Slain by an orc

Skill      XL: |  1  2  3  4  5  6  7  8 |
---------------+-------------------------+-----
Earth Magic    | 4 5 6 |  6.8
Spellcasting   | 3 4 |  4.6
Stealth        | 3 4 |  4.0
Maces & Flails | 1 2 |  2.4
Armour         | 1 2 |  2.4
Dodging        | 2 |  2.3
Conjurations   | 1 2 3 |  3.5
Fighting       | 1 |  1.4
Transmutations | |  0.7

Action                   |  1- 3 |  4- 6 |  7- 9 || total
-------------------------+-------+-------+-------++-------
Melee: Dagger            |    14 |    13 |     5 ||    32
       Mace              |       |    41 |       ||    41
       Flail             |       |     5 |    63 ||    68
 Cast: Sandblast         |    21 |     9 |     1 ||    31
       Stone Arrow       |       |    20 |    46 ||    66
  Use: Scroll            |       |     1 |       ||     1
       Potion            |       |       |     1 ||     1
 Stab: Sleeping          |     1 |     4 |     7 ||    12
  Eat: Chunk             |       |     5 |     9 ||    14
       Ration            |       |       |     1 ||     1
Armor: Robe              |     8 |    13 |       ||    21
       Ring mail         |       |    26 |    25 ||    51
       Plate armour      |       |       |    17 ||    17
Dodge: Dodged            |    13 |    30 |    37 ||    80
Block: Other             |       |     8 |    12 ||    20
       Reflection        |       |     1 |     1 ||     2
